 Dungeon Crawl Stone Soup version 0.24-a0-264-gf46a388 (webtiles) character file.

Game seed: 15806787221320315742

555 Lanoc the Chopper (level 7, -1/60 HPs)
             Began as a Minotaur Gladiator on Apr 19, 2019.
             Was an Elder of Uskayaw.
             Slain by an ogre
             ... wielding a +0 giant spiked club
              (25 damage)
             ... on level 4 of the Dungeon.
             The game lasted 00:05:04 (2418 turns).

Lanoc the Chopper (Minotaur Gladiator)              Turns: 2418, Time: 00:05:05

Health: -1/60      AC:  3    Str: 20 (21) XL:     7   Next: 8%
Magic:  6/6        EV: 13    Int:  4 (5)  God:    Uskayaw [****..]
Gold:   153        SH:  0    Dex: 11 (13) Spells: 6/6 levels left

rFire    . . .     SeeInvis .   a - +0 war axe
rCold    . . .     Gourm    .   (no shield)
rNeg     . . .     Faith    .   b - +0 leather armour
rPois    .         Spirit   .   c - +0 hat
rElec    .         Reflect  .   (no cloak)
rCorr    .         Harm     .   (no gloves)
MR       .....                  (no boots)
Stlth    +.........             j - amulet of rage
HPRegen  0.20/turn              q - +2 ring of strength
MPRegen  0.10/turn              (no ring)

@: lethally poisoned (-1 -> -3)
A: retaliatory headbutt, horns 2
a: Stomp, Line Pass, Renounce Religion, Evoke Berserk Rage


You were on level 4 of the Dungeon.
You worshipped Uskayaw.
Uskayaw was noncommittal.
You were not hungry.

You visited 1 branch of the dungeon, and saw 4 of its levels.

You collected 153 gold pieces.

Inventory:

Hand Weapons
 a - a +0 war axe (weapon)
Missiles
 d - 3 throwing nets (quivered)
Armour
 b - a +0 leather armour (worn)
 c - a +0 hat (worn)
Jewellery
 j - an amulet of rage (around neck)
 q - a +2 ring of strength (left hand)
Wands
 s - a wand of acid (8)
Scrolls
 e - 2 scrolls of teleportation {unknown}
 g - 3 scrolls of amnesia {unknown}
 i - 3 scrolls of magic mapping {unknown}
 l - a scroll of blinking {unknown}
 n - 2 scrolls of identify {unknown}
 t - 2 scrolls of remove curse {unknown}
 v - a scroll of immolation {unknown}
 w - a scroll of enchant weapon {unknown}
 y - a scroll of noise {unknown}
Potions
 h - a potion of agility
 u - a potion of mutation {unknown}
 x - a potion of brilliance {unknown}
Comestibles
 f - 2 rations
 k - 4 chunks of flesh


   Skills:
 + Level 4.6 Fighting
 * Level 6.8 Axes
 - Level 2.0 Throwing
 + Level 3.7 Armour
 + Level 4.9 Dodging


You had 6 spell levels left.
You didn't know any spells.
Your spell library contained the following spells:

 Spells                   Type           Power        Failure   Level  Hunger
 Beastly Appendage        Tmut           #.....       54%         1    ##.....
 Corona                   Hex            #......      54%         1    ##.....
 Ensorcelled Hibernation  Hex/Ice        #.....       69%         2    ###....
 Sticks to Snakes         Tmut           #.......     69%         2    ###....
 Confuse                  Hex            #.......     89%         3    ####...
 Dazzling Spray           Conj/Hex       #.....       89%         3    ####...
 Spider Form              Tmut/Pois      #.........   89%         3    ####...
 Tukima's Dance           Hex            #.......     89%         3    ####...
 Ice Form                 Ice/Tmut       #.......     100%        4    #####..
 Blade Hands              Tmut           #.........   100%        5    ######.


Dungeon Overview and Level Annotations

Branches:
Dungeon (4/15)
 Temple: D:4-7

Altars:
Okawaru
Uskayaw


Innate Abilities, Weirdness & Mutations

You reflexively headbutt those who attack you in melee.
You have a pair of horns on your head.


Message History

The howler monkey is moderately wounded.
The howler monkey hits you but does no damage.
An adder comes into view.
Uskayaw will force your foes to helplessly watch your dance.
Uskayaw prepares the audience for your solo!
The helpless howler monkey fails to defend itself.
You slash the howler monkey!
You kill the howler monkey!
You feel sick.
The adder is no longer paralysed.
The ogre is no longer paralysed.
The adder hisses angrily.
You slash the ogre!
The ogre is heavily wounded.
The ogre completely misses you.
Uskayaw will force your foes to share their pain.
Uskayaw links your audience in an emotional bond!
You slash the ogre!
The ogre is almost dead.
The ogre hits you with a +0 giant spiked club!!
You die...

....# ........ ....# .#######
....# # # .#### ....# ##. S##
..... ....# #c.. ...# ..... ....#
.....#####..... ####. ....#
#....S....# #. ....# ##O# #####
#.### #.@# #....
#.#############..################
..............................#
#.......###.#.##....###.......#
#######.###.#.......'.'.......# #
#......#.#.......###.......##
####......#.##.#....###........#
'..+......'....................#
####......#..#.#.#.............#


You could see an ogre and an adder.

Vanquished Creatures
  2 ogres (D:4)
  A centaur (D:4)
  A howler monkey (D:4)
  A crimson imp (D:4)
  A hound (D:4)
  Natasha (twice) (D:3)
  2 worker ants (D:4)
  3 adders
  An ooze (D:3)
  An adder skeleton (D:4)
  2 worms
  4 dart slugs
  3 orcs
  2 ball pythons
  8 giant cockroaches
  8 goblins
  7 hobgoblins
  5 kobolds
  2 quokkas
  4 bats
  A frilled lizard (D:1)
  6 rats
67 creatures vanquished.

Notes
Turn   | Place    | Note
-------+----------+-------------------------------------------
     0 | D:1      | Lanoc the Minotaur Gladiator began the quest for the Orb.
     0 | D:1      | Reached XP level 1. HP: 18/18 MP: 0/0
   345 | D:1      | Reached XP level 2. HP: 25/25 MP: 1/1
   425 | D:1      | Reached skill level 4 in Axes
   456 | D:1      | Reached skill level 1 in Armour
   612 | D:2      | Noticed a +0 dagger
   612 | D:2      | Noticed a +0 dagger
   613 | D:2      | Found a hide-covered altar of Uskayaw.
   631 | D:2      | Became a worshipper of Uskayaw the Reveler
   663 | D:2      | Reached * piety under Uskayaw
   763 | D:2      | Reached XP level 3. HP: 26/30 MP: 2/2
   866 | D:3      | Found an iron altar of Okawaru.
   952 | D:3      | Reached ** piety under Uskayaw
  1101 | D:3      | Reached XP level 4. HP: 38/38 MP: 3/3
  1102 | D:3      | Noticed Natasha
  1108 | D:3      | Killed Natasha
  1109 | D:3      | Reached skill level 5 in Axes
  1109 | D:3      | Reached *** piety under Uskayaw
  1374 | D:3      | Noticed Natasha
  1381 | D:3      | Killed Natasha
  1464 | D:4      | Reached XP level 5. HP: 39/45 MP: 4/4
  1564 | D:4      | Noticed an ogre
  1572 | D:4      | Killed an ogre
  1924 | D:4      | Reached XP level 6. HP: 52/52 MP: 5/5
  2009 | D:4      | Reached skill level 6 in Axes
  2413 | D:4      | Reached XP level 7. HP: 23/60 MP: 6/6
  2417 | D:4      | Reached **** piety under Uskayaw
  2418 | D:4      | Slain by an ogre

Levels and vault maps discovered:
D:1:      kilobyte_arrival_exit_the_forest, layout_basic, minmay_misc_feat_doors
D:2:      cheibrodos_helix_gallery, layout_basic, dancing_weapons_uskayaw,
          chequers_serial_rivers_micro_d, roderic_lattice_a, dk_noncrumbling_4
D:3:      layout_loops_ring, lemuel_round_altar, first_ration, uniq_natasha
D:4:      minmay_octagon_keep, layout_basic, st_stairs_1

Skill      XL: |  1  2  3  4  5  6 |
---------------+-------------------+-----
Axes           | 4 5 6 |  6.8
Armour         | 1 2 3 |  3.7
Fighting       | 3 4 |  4.6
Dodging        | 4 |  4.9
Throwing       | |  2.0

Action                   |  1- 3 |  4- 6 |  7- 9 || total
-------------------------+-------+-------+-------++-------
Melee: War axe           |    72 |    67 |     5 ||   144
       Headbutt          |    12 |    16 |       ||    28
  Use: Potion            |       |     6 |       ||     6
 Stab: Paralysed         |       |     2 |     1 ||     3
  Eat: Chunk             |       |     1 |       ||     1
       Ration            |       |     1 |       ||     1
Armor: Leather armour    |    20 |     5 |     2 ||    27
Dodge: Dodged            |    52 |    63 |     1 ||   116

Table legend:
 A = Non-vault XP
 B = Vault XP
 C = Vault XP percentage of total XP
 D = Non-vault monster count
 E = Vault monster count
 F = Vault count percentage of total count
                 A         B        C        D         E       F
            +---------+---------+-------+---------+---------+-------
      Total |     406 |     388 |  48.9 |      60 |       7 |  10.4
            +---------+---------+-------+---------+---------+-------
        D:1 |      27 |       0 |   0.0 |      19 |       0 |   0.0
        D:2 |      24 |       0 |   0.0 |      11 |       0 |   0.0
        D:3 |     107 |      36 |  25.2 |      20 |       1 |   4.8
        D:4 |     248 |     352 |  58.7 |      10 |       6 |  37.5
            +---------+---------+-------+---------+---------+-------
